 Dungeon Crawl Stone Soup version 0.30-a0-802-gb92711bcdf (webtiles) character file.

Game seed: 17322900951009023587

26016 testman the Spear-Bearer (level 13, -2/99 HPs)
             Began as a Merfolk Ice Elementalist on Feb 23, 2023.
             Was a Priest of Hepliaklqana.
             Slain by a tengu warrior
             ... wielding a +0 great sword
              (21 damage)
             ... on level 12 of the Dungeon on Feb 24, 2023.
             The game lasted 01:13:06 (17543 turns).

testman the Spear-Bearer (MfIE)                    Turns: 17543, Time: 01:13:06

Health: -2/99      AC: 18    Str: 15    XL:     13   Next: 23%
Magic:  1/22       EV: 16    Int: 18    God:    Hepliaklqana [***...]
Gold:   658        SH:  0    Dex: 15    Spells: 8/24 levels left

rFire   + . .      SeeInvis .    O - +8 trident of the Octopus King {venom, rElec rPois}
rCold   + + .      Faith    .    (no shield)
rNeg    . . .      Spirit   .    I - +3 leather armour
rPois   +          Reflect  .    (no helmet)
rElec   +          Harm     .    d - +0 cloak
rCorr   .          Rampage  .    i - +1 pair of gloves of a treasure trove {rC++ Slay+2}
Will    .....                    (no boots)
Stlth   ++                       (no amulet)
HPRegen 0.36/turn                N - ring "Ygev" {rF+ Str+6}
MPRegen 0.18/turn                G - +4 ring of protection

@: mighty, ice-armoured, freezing walls, invisible
A: reduced essence, (nimble swimmer 2), mertail
a: Renounce Religion, Recall Ancestor, Ancestor Identity, Transference


You were on level 12 of the Dungeon.
You worshipped Hepliaklqana.
Hepliaklqana was most pleased with you.
You visited 2 branches of the dungeon, and saw 13 of its levels.
You also visited: Bailey.

You collected 1084 gold pieces.
You spent 426 gold pieces at shops.

Inventory:

Hand Weapons
 m - a +2 short sword of venom
 F - a +1 vampiric trident
 J - a +2 halberd of flaming
 L - the +5 trident of Qutorak {freeze, rElec rC+}
   (You took it off a spriggan on level 10 of the Dungeon)

   rC:        It protects you from cold.
   rElec:     It insulates you from electricity.
 O - the +8 trident of the Octopus King (weapon) {venom, rElec rPois}
   (You found it on level 11 of the Dungeon)

   rElec:     It insulates you from electricity.
   rPois:     It protects you from poison.
 T - a +0 glaive
Missiles
 f - a curare-tipped dart
 q - 28 poisoned darts
 s - 2 throwing nets
 v - 3 atropa-tipped darts
 A - 6 javelins
 P - 6 datura-tipped darts
Armour
 b - a +2 robe of willpower
 d - a +0 cloak (worn)
 i - the +1 pair of gloves of a treasure trove (worn) {rC++ Slay+2}
   (You acquired it on level 8 of the Dungeon)

   Slay:      It affects your accuracy & damage with ranged weapons and melee
   (+2).
   rC:        It greatly protects you from cold.
 I - a +3 leather armour (worn)
Jewellery
 y - a +6 ring of intelligence
 B - a ring of see invisible
 G - a +4 ring of protection (right hand)
 N - the ring "Ygev" (left hand) {rF+ Str+6}
   (You acquired it on level 11 of the Dungeon)

   [ring of strength]

   Str:       It affects your strength (+6).
   rF:        It protects you from fire.
Wands
 a - a wand of iceblast (6)
 D - a wand of flame (51)
 M - a wand of mindburst (17)
 U - a wand of acid (6)
Scrolls
 g - 3 scrolls of teleportation
 h - 2 scrolls of amnesia
 r - 3 scrolls of vulnerability
 u - 7 scrolls of enchant armour
 z - 6 scrolls of blinking
 H - a scroll of fear {unknown}
 K - 5 scrolls of fog
 Q - a scroll of magic mapping
 S - a scroll of torment {unknown}
Potions
 c - 2 potions of flight
 e - 4 potions of mutation
 j - 3 potions of lignification
 k - 3 potions of haste
 n - a potion of ambrosia {unknown}
 o - a potion of invisibility
 t - 2 potions of magic
 w - 5 potions of curing
 x - a potion of brilliance
 C - 2 potions of attraction
 E - 3 potions of might
 R - a potion of resistance
Miscellaneous
 p - a lightning rod (4/4)


   Skills:
 + Level 13.1 Fighting
 + Level 14.2 Polearms
 + Level 10.0 Dodging
 - Level 2.1 Stealth
 - Level 6.0 Spellcasting
 - Level 5.0 Summonings
 - Level 3.0 Translocations
 - Level 9.0 Ice Magic
 + Level 7.1 Invocations


You had 8 spell levels left.
You knew the following spells:

 Your Spells              Type           Power      Damage    Failure   Level
a - Freeze                Ice            100%       1d10      1%          1
b - Frozen Ramparts       Ice            74%        1d12      1%          3
c - Ozocubu's Armour      Ice            37%        N/A       1%          3
d - Summon Small Mammal   Summ           92%        N/A       1%          1
e - Summon Ice Beast      Ice/Summ       30%        N/A       9%          4
f - Blink                 Tloc           32%        N/A       6%          2
g - Passwall              Tmut/Erth      4%         N/A       22%         2

Your spell library contained the following spells:

 Spells                   Type           Power      Damage    Failure   Level
 Ensorcelled Hibernation  Hex/Ice        42%        N/A       3%          2
 Apportation              Tloc           32%        N/A       4%          1
 Lesser Beckoning         Tloc           32%        N/A       6%          2
 Momentum Strike          Conj/Tloc      20%        3d8       12%         2
 Gell's Gravitas          Tloc           16%        N/A       13%         3
 Teleport Other           Tloc           16%        N/A       13%         3
 Necrotise                Necr           20%        1d5       14%         1
 Sandblast                Erth           10%        2d5       14%         1
 Stone Arrow              Conj/Erth      10%        3d7       41%         3
 Swiftness                Air            5%         N/A       41%         3
 Metabolic Englaciation   Hex/Ice        10%        N/A       54%         5
 Simulacrum               Ice/Necr       10%        N/A       98%         6


Dungeon Overview and Level Annotations

Branches:
Dungeon (12/15)            Temple (1/1) D:4            Lair (0/5) D:10
    Orc (0/2) D:10         Bailey (visited)

Altars:
Ashenzari
Cheibriados
Dithmenos
Elyvilon
Fedhas
Gozag
Hepliaklqana
Kikubaaqudgha
Makhleb
Nemelex Xobeh
Okawaru
Qazlal
Ru
Sif Muna
Trog
Uskayaw
Vehumet
Wu Jian
Xom
Yredelemnul
Zin
The Shining One

Shops:
D:6 =   D:10 !   D:11 :


Innate Abilities, Weirdness & Mutations

Your life essence is reduced to manifest your ancestor. (-10% HP)
((You are very nimble when in or above water. (Stealth+, EV+, Speed+++)))
Your lower body shifts to a powerful aquatic tail in water.


Message History

The deep elf pyromancer hits you but does no damage.
The centaur warrior shoots an arrow.
The arrow barely misses the cyan ugly thing.
The arrow misses the deep elf pyromancer.
The arrow hits the yaktaur!!
The wall freezes the cyan ugly thing!
Casting: Ozocubu's Armour (safe; 1% risk of failure)
Confirm with . or Enter, or press ? or * to list all spells.
A chill wind blows around you.
The seven-headed hydra bites you but does no damage.
The seven-headed hydra closely misses you.
The seven-headed hydra bites you. x2
* * * LOW HITPOINT WARNING * * *
The seven-headed hydra bites you but does no damage.
The seven-headed hydra closely misses you.
The seven-headed hydra bites you!
* * * LOW HITPOINT WARNING * * *
The centaur warrior shoots an arrow.
The arrow hits the deep elf pyromancer.
The wall freezes the tengu warrior.
The tengu warrior hits you with a +0 great sword.
* * * LOW HITPOINT WARNING * * *
The tengu warrior barely misses you. The tengu warrior misses you.
The centaur warrior shoots an arrow.
The arrow closely misses the cyan ugly thing.
The arrow completely misses the tengu warrior.
The arrow barely misses you.
The orc knight hits you from afar with a +0 heavy halberd!
* * * LOW HITPOINT WARNING * * *
The deep elf pyromancer hits you but does no damage.
The yaktaur completely misses you.
The wall freezes the cyan ugly thing!
You feel much better.
The centaur warrior shoots an arrow.
The arrow completely misses the deep elf pyromancer.
The arrow barely misses you.
The centaur warrior shoots an arrow.
The arrow hits the cyan ugly thing!
The seven-headed hydra misses you.
The seven-headed hydra closely misses you. x2
The seven-headed hydra bites you.
* * * LOW HITPOINT WARNING * * *
The seven-headed hydra barely misses you. x3
The wall freezes the tengu warrior.
The tengu warrior hits you with a +0 great sword!!
You die...

##.....# #......##
#.......#
########.......#
#..............#
#.##########(..#
##.#<$.$.$.>#.####
#..#$DY.$...#....###
#..#@c?$[$.$#.#....## ##
#..#Qeo)[[..#.###....
#.###.R#uuc:")..#.##..###
#......#$c$)$!..#..#.## #
#....#.#...$.$..#..#.#
#......#>...$.$<#....#
#...##.##########...##
#...##.............## #
#...############...# #


You could see a seven-headed hydra (unable to see you), an orc knight (unable to
see you), 2 ugly things, a tengu warrior (unable to see you), 2 centaur
warriors, a yaktaur (unable to see you, ally target), a deep elf pyromancer
(unable to see you) and a friendly ice beast (summoned).

Vanquished Creatures
  A hydra (D:8)
  The ghost of crispyCORNDOG the Cruncher, a journeyman DsFi of Okawaru (D:10)
  A vault guard (Bailey)
  A two-headed ogre (D:11)
  A skeletal warrior (D:12)
  Pikel (D:6)
  A manticore (D:11)
  2 ugly things
  2 gargoyles (D:12)
  A komodo dragon (D:12)
  A kobold demonologist (D:11)
  2 hornets
  A polar bear (D:10)
  3 trolls
  Prince Ribbit (Bailey)
  A dream sheep (D:8)
  3 spriggans (D:10)
  Sigmund (D:2)
  A vampire (D:11)
  A shadow (D:12)
  17 yaks
  A wraith (D:11)
  Eustachio (D:6)
  4 humans (Bailey)
  3 vampire mosquitoes (D:11)
  A basilisk (D:12)
  4 steam dragons
  Menkaure (D:4)
  2 acid dragons
  7 water moccasins
  4 sky beasts
  4 orc warriors
  2 black bears
  2 ogres (D:6)
  3 centaurs
  5 kobold brigands
  Blork the orc (D:6)
  10 bullfrogs
  4 gnoll sergeants
  2 necrophages
  2 scorpions
  7 wights
  3 killer bees (D:11)
  3 howler monkeys
  9 hounds
  8 jellies
  A gnoll bouda (D:3)
  10 orc priests
  An iron imp (D:5)
  Terence (D:2)
  3 iguanas
  19 orc wizards
  22 gnolls
  4 adders
  3 worms
  A dart slug (D:2)
  55 orcs
  8 endoplasms
  5 giant cockroaches
  14 hobgoblins
  15 jackals
  5 quokkas
  7 ball pythons
  8 bats
  4 frilled lizards
  7 goblins
  9 kobolds
  4 rats
  A spectral hobgoblin (D:6)
344 creatures vanquished.

Vanquished Creatures (collateral kills)
  A vault guard (Bailey)
  A two-headed ogre (D:10)
  4 skeletal warriors
  A kobold demonologist (D:11)
  A troll (D:12)
  A polar bear (D:10)
  A dream sheep (D:8)
  5 yaks
  2 wraiths
  A human (Bailey)
  A vampire mosquito (D:11)
  An acid dragon (D:7)
  2 orc warriors
  2 black bears (D:10)
  A centaur (D:11)
  A phantom (D:6)
  2 bullfrogs (Bailey)
  A wight (D:10)
  5 killer bees
  A nameless horror (D:10)
  4 orc wizards
  2 gnolls (D:10)
  6 orcs
  A kobold (D:11)
48 creatures vanquished.

Vanquished Creatures (others)
  A fire dragon (D:12)
  A deep elf zephyrmancer (D:12)
  A sky beast (D:7)
  A bullfrog (D:7)
  3 knights
  5 ancestors
  An orc wizard (D:3)
  31 fungi (D:10)
  39 plants
83 creatures vanquished.

Grand Total: 475 creatures vanquished

Notes
Turn   | Place    | Note
-------+----------+-------------------------------------------
     0 | D:1      | testman the Merfolk Ice Elementalist began the quest for
                  | the Orb.
     0 | D:1      | Reached XP level 1. HP: 13/13 MP: 3/3
   161 | D:1      | Reached XP level 2. HP: 16/19 MP: 3/5
   384 | D:1      | Reached skill level 5 in Ice Magic
   788 | D:1      | Reached XP level 3. HP: 23/24 MP: 4/6
   940 | D:2      | Noticed Terence
   946 | D:2      | Killed Terence
   951 | D:2      | Learned a level 3 spell: Frozen Ramparts
  1012 | D:2      | Reached XP level 4. HP: 30/30 MP: 3/7
  1264 | D:2      | Noticed Sigmund
  1363 | D:1      | Learned a level 3 spell: Ozocubu's Armour
  1757 | D:2      | Found a faded altar of an unknown god.
  1992 | D:2      | Killed Sigmund
  1993 | D:2      | Reached XP level 5. HP: 9/35 MP: 3/10
  1993 | D:2      | Reached XP level 6. HP: 10/41 MP: 3/11
  3434 | D:3      | Reached skill level 1 in Fighting
  3434 | D:3      | Reached skill level 1 in Summonings
  3512 | D:3      | Reached XP level 7. HP: 45/48 MP: 9/13
  3776 | D:3      | Learned a level 1 spell: Summon Small Mammal
  4641 | D:3      | Found a radiant altar of Vehumet.
  4683 | D:3      | Found an ancient bone altar of Kikubaaqudgha.
  4734 | D:3      | Found a shimmering blue altar of Sif Muna.
  4749 | D:3      | Reached XP level 8. HP: 53/58 MP: 8/15
  5218 | D:4      | Found a burning altar of Makhleb.
  5233 | D:4      | Noticed Menkaure
  5245 | D:4      | Killed Menkaure
  5361 | D:4      | Reached skill level 5 in Spellcasting
  5921 | D:4      | Found a staircase to the Ecumenical Temple.
  5932 | Temple   | Entered the Ecumenical Temple
  6183 | D:5      | Entered Level 5 of the Dungeon
  6449 | D:5      | Found an iron altar of Okawaru.
  6737 | D:5      | Found a snail-covered altar of Cheibriados.
  7129 | D:5      | Found a white marble altar of Elyvilon.
  7576 | D:5      | Found a blossoming altar of Fedhas.
  7631 | D:6      | Found Nutasun's Jewellery Boutique.
  7679 | D:6      | Found a basalt altar of Yredelemnul.
  7806 | D:6      | Reached XP level 9. HP: 61/66 MP: 11/17
  7811 | D:6      | Learned a level 4 spell: Summon Ice Beast
  8159 | D:6      | Noticed Blork the orc
  8166 | D:6      | Killed Blork the orc
  8230 | D:6      | Found a hazy altar of Hepliaklqana.
  8252 | D:6      | Became a worshipper of Hepliaklqana the Forgotten
  8301 | D:6      | Noticed Pikel
  8309 | D:6      | Killed Pikel
  8310 | D:6      | Reached skill level 5 in Fighting
  8310 | D:6      | Reached skill level 3 in Polearms
  8540 | D:6      | Reached skill level 4 in Polearms
  8650 | D:6      | Noticed Eustachio
  8660 | D:6      | Killed Eustachio
  8661 | D:6      | Reached skill level 5 in Polearms
  9125 | D:7      | Reached skill level 6 in Polearms
  9237 | D:7      | Reached XP level 10. HP: 50/79 MP: 11/18
  9393 | D:7      | Found a transporter.
  9488 | D:7      | Found a transporter.
  9598 | D:7      | Reached skill level 7 in Polearms
 10052 | D:7      | Reached skill level 8 in Polearms
 10831 | D:7      | Identified the +1 pair of gloves of the Hunter {+Inv rCorr
                  | Str-2 Dex+2}
 11124 | D:8      | Identified a scroll of acquirement
 11124 | D:8      | Acquired the +1 pair of gloves of a treasure trove {rC++
                  | Slay+2}
 11208 | D:8      | Reached skill level 9 in Polearms
 11213 | D:8      | Reached * piety under Hepliaklqana
 11243 | D:8      | Found a flagged portal.
 11261 | Bailey   | Entered a bailey
 11441 | Bailey   | Noticed a vault guard
 11458 | Bailey   | Killed a vault guard
 11459 | Bailey   | Reached skill level 10 in Fighting
 11459 | Bailey   | Reached skill level 10 in Polearms
 11459 | Bailey   | Reached XP level 11. HP: 58/81 MP: 3/19
 11573 | Bailey   | Noticed Prince Ribbit
 11573 | Bailey   | Noticed a vault guard
 11583 | Bailey   | Killed Prince Ribbit
 11586 | Bailey   | Killed a vault guard
 11587 | Bailey   | Reached skill level 11 in Polearms
 12008 | D:8      | Found a broken altar of Ashenzari.
 12235 | D:8      | Noticed a three-headed hydra
 12242 | D:8      | Killed a one-headed hydra
 12243 | D:8      | Reached skill level 1 in Invocations
 12477 | D:8      | Reached skill level 5 in Dodging
 12612 | D:9      | Found a glowing silver altar of Zin.
 12995 | D:9      | Reached ** piety under Hepliaklqana
 12996 | D:9      | Remembered your ancestor Agathocles as a knight
 13039 | D:9      | Found a hide-covered altar of Uskayaw.
 13167 | D:9      | Reached skill level 12 in Polearms
 13669 | D:10     | Entered Level 10 of the Dungeon
 13783 | D:10     | Found a staircase to the Lair.
 13928 | D:10     | Reached XP level 12. HP: 91/91 MP: 15/21
 13976 | D:10     | Found Wicaawen's Distillery.
 13983 | D:10     | Bought a potion of invisibility for 128 gold pieces
 13983 | D:10     | Bought a potion of brilliance for 64 gold pieces
 14369 | D:10     | Found a staircase to the Orcish Mines.
 14472 | D:10     | Noticed a two-headed ogre
 14479 | D:10     | Killed a two-headed ogre
 14565 | D:10     | Found a runed translucent door.
 14567 | D:10     | Noticed crispyCORNDOG's ghost (journeyman DsFi)
 14572 | D:10     | Identified the +5 trident of Qutorak {freeze, rElec rC+}
 14622 | D:10     | Reached skill level 13 in Polearms
 14884 | D:10     | Reached skill level 5 in Invocations
 14892 | D:10     | Killed crispyCORNDOG's ghost
 15099 | D:11     | Found Ceru's Book Boutique.
 15133 | D:11     | Bought a book of Spatial Translocations for 234 gold pieces
 15136 | D:11     | Learned a level 2 spell: Blink
 15250 | D:11     | Reached skill level 1 in Translocations
 15301 | D:11     | Acquired the ring "Ygev" {rF+ Str+6}
 15502 | D:11     | Noticed a two-headed ogre
 15512 | D:11     | Killed a two-headed ogre
 15566 | D:11     | Reached *** piety under Hepliaklqana
 15677 | D:11     | Found the +8 trident of the Octopus King {venom, rElec
                  | rPois}
 16204 | D:12     | Reached skill level 5 in Summonings
 16307 | D:12     | Noticed a tengu warrior
 16307 | D:12     | Noticed a centaur warrior
 16308 | D:12     | Noticed a centaur warrior
 16334 | D:12     | Noticed a fire dragon
 16337 | D:12     | Noticed a seven-headed hydra
 16428 | D:12     | Reached XP level 13. HP: 84/98 MP: 22/22
 16692 | D:12     | Reached skill level 14 in Polearms
 16854 | D:11     | HP: 1/99 [skeletal warrior/+0 short sword (15)]
 17514 | D:12     | Learned a level 2 spell: Passwall
 17538 | D:12     | Killed a fire dragon
 17539 | D:12     | Reached skill level 10 in Dodging
 17543 | D:12     | Slain by a tengu warrior

Illustrated notes

Levels and vault maps discovered:
D:1:      tarquinn_simple_flora_water_e, layout_rooms, nicolae_eternal_life,
          roderic_serpentine_path, st_stairs_13
D:2:      layout_loops_ring, nicolae_ecumenical_oubliette,
          kennysheep_generic_room_10, uniq_terence, uniq_sigmund
D:3:      lemuel_castle_with_subvaults [lemuel_castle_interior_carwin_1],
          layout_loops_ring, palyth_temple_overflow_mages
D:4:      layout_loops_ring, lemuel_round_altar, minmay_temple_entry_offerings,
          uniq_menkaure
D:5:      layout_basic, marbit_many_paths, fedhas_altar_fruit_tree,
          slow_altar_1, mainiacjoe_overflow_brackets
D:6:      layout_basic, kennysheep_mini, nicolae_hepliaklqana_monster_ancestors,
          serial_shops, shop, minmay_fractal_squares_gapless_5, uniq_eustachio,
          uniq_blork_the_orc, uniq_pikel
D:7:      gammafunk_cloud_chamber, layout_basic, hangedman_misty_isle
D:8:      layout_loops_ring, ashenzari_conservatory_becter, enter_bailey_8,
          hangedman_ranch
D:9:      layout_irregular_city, mainiacjoe_overflow_surrounded_room,
          mainiacjoe_overflow_cross_hatched, minivault_22, nrook_mini_backslash
D:10:     layout_loops_corners, due_lair_maze_entry_diamond, david_orc_4,
          serial_shops, shop, ebering_ghost_funeral_grove
D:11:     layout_loops_ring, serial_shops, shop_fountains,
          kennysheep_generic_room_13
D:12:     layout_cave_pods, minivault_12
Temple:   hellmonk_temple_beads

Skill      XL: |  1  2  3  4  5  6  7  8  9 10 11 12 13 |
---------------+----------------------------------------+-----
Ice Magic      | 5 6 7 8 9 |  9.0
Spellcasting   | 3 4 5 6 |  6.0
Fighting       | 1 3 4 7 10 11 12 13 | 13.1
Summonings     | 1 2 4 5 |  5.0
Dodging        | 4 6 9 10 | 10.0
Polearms       | 6 10 12 13 14 | 14.2
Invocations    | 3 6 7 |  7.1
Translocations | 2 3 |  3.0
Stealth        | |  2.1

Action                     |  1- 3 |  4- 6 |  7- 9 | 10-12 | 13-15 || total
---------------------------+-------+-------+-------+-------+-------++-------
  Melee: Unarmed           |    25 |       |       |       |       ||    25
         Dagger            |    18 |   129 |   242 |       |       ||   389
         Tailslap          |       |     2 |    13 |       |       ||    15
         Punch             |       |     1 |     4 |     1 |     1 ||     7
         Halberd           |       |       |    18 |   318 |       ||   336
         Trident           |       |       |    15 |   132 |    58 ||   205
  Throw: Dart              |       |       |    10 |       |       ||    10
   Cast: Freeze            |    24 |    28 |    60 |       |       ||   112
         Frozen Ramparts   |     1 |    16 |    26 |    46 |     5 ||    94
         Ozocubu's Armour  |       |     8 |    23 |    24 |     4 ||    59
         Summon Small Mamm |       |       |     4 |     9 |     2 ||    15
         Summon Ice Beast  |       |       |       |    17 |     8 ||    25
         Passwall          |       |       |       |       |     1 ||     1
 Invoke: Recall Ancestor   |       |       |       |     1 |     1 ||     2
         Ancestor Life: Kn |       |       |       |     1 |       ||     1
  Evoke: Wand              |       |     2 |       |       |       ||     2
    Use: Potion            |       |     1 |       |     1 |     5 ||     7
         Scroll            |       |       |       |    22 |       ||    22
   Stab: Sleeping          |     3 |     2 |     6 |     5 |     1 ||    17
         Distracted        |       |     1 |       |     1 |       ||     2
 Armour: Robe              |     5 |    38 |    67 |       |       ||   110
         Leather armour    |       |       |    19 |   104 |    11 ||   134
  Dodge: Dodged            |    47 |    95 |   166 |   167 |    52 ||   527

Table legend: (Time is in decaauts)
 A = Elapsed time spent in this place.
 B = Non-inter-level travel time spent in this place.
 C = Inter-level travel time spent in this place.
 D = Time resting spent in this place.
 E = Time spent auto-exploring this place.
 F = Levels seen in this place.
 G = Mean time per level.
                   A        B        C        D        E       F      G
               +--------+--------+--------+--------+--------+-----+--------+
         Total |  17251 |  16176 |   1075 |   1046 |  12176 |  14 | 1232.2 |
       Dungeon |  16588 |  15523 |   1065 |   1006 |  11718 |  12 | 1382.3 |
        Temple |    109 |     99 |     10 |      0 |     89 |   1 |  109.0 |
        Bailey |    553 |    553 |      0 |     40 |    369 |   1 |  553.0 |
               +--------+--------+--------+--------+--------+-----+--------+

Top non-repeatable levels by time:
     D:3: 2573 daAuts
     D:7: 1719 daAuts
    D:10: 1602 daAuts
     D:2: 1488 daAuts
     D:5: 1486 daAuts
     D:6: 1356 daAuts
    D:12: 1198 daAuts
     D:8: 1125 daAuts
     D:9: 1075 daAuts
     D:1: 1067 daAuts
    D:11: 981 daAuts
     D:4: 912 daAuts
  Bailey: 553 daAuts
  Temple: 109 daAuts
